 Dungeon Crawl Stone Soup version 0.28.0-53-g5a82cb258f (webtiles) character file.

Game seed: 16711535128253046713

28396 jjjjhere the Grappler (level 13, -7/204 HPs)
             Began as a Troll Berserker on Aug 26, 2022.
             Was a High Priest of Trog.
             Mangled by a tyrant leech (15 damage)
             ... on level 6 of the Lair of Beasts.
             The game lasted 00:20:52 (12616 turns).

jjjjhere the Grappler (Troll Berserker)            Turns: 12616, Time: 00:20:53

Health: -7/204     AC: 11    Str: 28    XL:     13   Next: 9%
Magic:  12/12      EV: 17    Int:  5    God:    Trog [*****.]
Gold:   746        SH:  0    Dex: 16    Spells: 12/12 levels left

rFire   . . .      SeeInvis .     - Unarmed
rCold   . . .      Faith    .   (no shield)
rNeg    . . .      Spirit   .   j - +1 troll leather armour {Pargi}
rPois   .          Reflect  .   (helmet restricted)
rElec   .          Harm     .   (no cloak)
rCorr   .          Rampage  .   (gloves unavailable)
Will    ++...                   (boots unavailable)
Stlth   ..........              i - amulet of the acrobat
HPRegen 3.04/turn               P - +4 ring of protection
MPRegen 0.13/turn               W - ring of Xiafach {EV+4 Dex+5}

@: berserking (expiring), strong-willed, regenerating, very quick
A: large, unfitting armour, claws 3, regeneration 1, shaggy fur 1, tough skin 1
a: Renounce Religion, Berserk, Trog's Hand, Brothers in Arms


You were on level 6 of the Lair of Beasts.
You worshipped Trog.
Trog was extremely pleased with you.
You visited 2 branches of the dungeon, and saw 15 of its levels.
You also visited: Sewer and Ossuary.

You collected 746 gold pieces.

Inventory:

Missiles
 r - 22 poisoned darts
 s - 8 javelins
 v - 3 datura-tipped darts
 w - 3 throwing nets
 y - 7 boomerangs (quivered)
 F - 5 atropa-tipped darts
Armour
 a - a +0 animal skin
 j - a +1 troll leather armour (worn) {Pargi}
 S - +0 ice dragon scales
Jewellery
 b - a ring of ice
 g - a ring of willpower
 i - an amulet of the acrobat (around neck)
 m - a ring of ice
 q - a ring of magical power
 x - a ring of resist corrosion
 P - a +4 ring of protection (left claw)
 Q - a ring of ice
 R - an amulet of faith
 V - a ring of protection from fire
 W - the ring of Xiafach (right claw) {EV+4 Dex+5}
   (You found it on level 6 of the Lair of Beasts)

   [ring of evasion]

   EV:        It affects your evasion (+4).
   Dex:       It affects your dexterity (+5).
Wands
 e - a wand of acid (9)
 D - a wand of flame (13)
 T - a wand of charming (7)
Scrolls
 c - 2 scrolls of brand weapon
 d - 3 scrolls of blinking
 p - 2 scrolls of magic mapping
 u - 7 scrolls of teleportation
 A - 6 scrolls of identify
 C - a scroll of holy word
 G - a scroll of vulnerability
 H - 2 scrolls of enchant armour
 I - 2 scrolls of fog
 K - a scroll of torment
 L - a scroll of enchant weapon
 M - a scroll of summoning
 U - a scroll of fear {unknown}
Potions
 f - 3 potions of berserk rage
 h - 8 potions of curing
 k - 7 potions of lignification
 l - 3 potions of invisibility
 n - a potion of attraction
 o - 2 potions of mutation
 t - 4 potions of heal wounds
 z - 5 potions of might
 B - 2 potions of flight
 E - a potion of brilliance
 J - a potion of magic
Miscellaneous
 N - a piece from Xom's chessboard (15/15)
 O - a tin of tremorstones (2/2)


   Skills:
 + Level 10.9 Fighting
 + Level 10.4 Throwing
 + Level 7.0 Dodging
 - Level 13.2 Unarmed Combat


You had 12 spell levels left.
You didn't know any spells.
Your spell library was empty.

Dungeon Overview and Level Annotations

Branches:
Dungeon (9/15)             Temple (0/1) D:4            Lair (6/6) D:9
  Swamp (0/4) Lair:3       Spider (0/4) Lair:4        Slime (0/5) Lair:5
    Orc (0/2) D:9           Sewer (visited)         Ossuary (visited)

Altars:
Elyvilon
Gozag
Kikubaaqudgha
Okawaru
Ru
Sif Muna
Wu Jian
Yredelemnul
Jiyva

Shops:
D:8 :

Annotations:
D:5 1 runed translucent door, Crazy Yiuf


Innate Abilities, Weirdness & Mutations

You are too large for most types of armour.
You have claws for hands.
Your natural rate of healing is unusually fast.
You are covered in fur. (AC +1)
You have tough skin. (AC +1)


Message History

The demonic crawler closely misses you. x3; The swamp worm barely misses you.
The swamp worm closely misses you.
A water moccasin comes into view.
You mangle the demonic crawler!!
You kill the demonic crawler!
Trog accepts your kill. The komodo dragon closely misses you.
The swamp worm bites you!
Your Dodging skill increases to level 7!
You barely miss the komodo dragon.
A water moccasin comes into view.
The swamp worm closely misses you.
The water moccasin hisses angrily.
You mangle the komodo dragon!! You claw the komodo dragon!
The komodo dragon is almost dead.
The komodo dragon closely misses you. The swamp worm bites you!
The swamp worm closely misses you.
You mangle the komodo dragon!!
You kill the komodo dragon!
Trog accepts your kill.
You mangle the swamp worm!!
The swamp worm is severely wounded.
The swamp worm bites you! x2
* * * LOW HITPOINT WARNING * * *
You closely miss the swamp worm.
The swamp worm is severely wounded.
The swamp worm bites you but does no damage.
The tyrant leech bites you!!
* * * LOW HITPOINT WARNING * * *
The tyrant leech draws strength from your injuries!
The swamp worm bites you!
* * * LOW HITPOINT WARNING * * *
You closely miss the swamp worm.
The swamp worm is severely wounded.
You eviscerate the swamp worm!!!
You kill the swamp worm!
Trog accepts your kill. The swamp worm bites you!!
* * * LOW HITPOINT WARNING * * *
The tyrant leech bites you!
You die...

# ### #..... #
#########.#####.......
#####.#..#.......#.#.............
...........<.....................
.................................
.................................
.............S...S...............
..........†......†...............
..........÷...÷.@.............P..
..........÷....w.w........<...#
...............................#
..............................##
..............................#
..............................#
.####.#.P.#.#.P.#.##.≈≈≈≈≈.....
## ##.##..######≈≈#≈≈≈≈≈≈≈...#.
###### ≈#≈≈≈≈###≈≈....##


You could see a tyrant leech, a swamp worm and 2 water moccasins.

Vanquished Creatures
  Kirke (Lair:5)
  The ghost of jjjjhere the Nimble, a journeyman KoBr of Makhleb (Lair:2)
  An ice dragon (Lair:4)
  A hydra (Lair:4)
  A two-headed ogre (D:8)
  4 black mambas
  11 elephants
  Joseph (D:9)
  8 cane toads
  An unseen horror (D:7)
  6 komodo dragons
  A demonic crawler (Lair:6)
  A rime drake (Lair:3)
  2 tyrant leeches (Lair:3)
  11 blink frogs
  6 dream sheep (Lair:6)
  A shadow (D:9)
  6 hogs (Lair:5)
  2 wyverns
  22 yaks
  A basilisk (Lair:6)
  3 steam dragons (D:9)
  4 swamp worms
  Edmund (D:4)
  6 water moccasins
  2 black bears
  Duvessa (D:7)
  Pargi (Sewer)
  3 orc warriors
  3 sky beasts
  An ogre (D:6)
  4 centaurs
  2 necrophages
  18 wolves
  Blork the orc (D:6)
  10 bullfrogs
  2 scorpions
  Dowan (D:7)
  A water moccasin skeleton (D:5)
  3 killer bees (D:8)
  7 wights
  An electric eel (Lair:2)
  A howler monkey (D:8)
  A bullfrog zombie (D:7)
  3 centaur zombies
  2 jellies (D:5)
  A gnoll shaman (D:9)
  A hound (D:6)
  2 human zombies (Ossuary)
  An orc priest (D:9)
  2 bullfrog skeletons
  Jessica (D:3)
  2 iguanas
  Ijyb (D:3)
  8 orc wizards
  A killer bee zombie (D:6)
  4 mummies (Ossuary)
  A howler monkey zombie (D:6)
  8 gnolls
  A howler monkey skeleton (D:5)
  11 adders
  3 river rats (D:3)
  4 white imps
  2 ufetubi
  4 worms
  2 dart slugs (D:2)
  31 orcs
  6 bats
  3 endoplasms
  3 giant cockroaches
  4 goblins
  8 hobgoblins
  2 jackals (D:4)
  6 quokkas
  10 ball pythons
  7 frilled lizards
  3 goblin zombies (Ossuary)
  6 kobolds
  A kobold zombie (Ossuary)
  2 orc zombies (Ossuary)
  9 rats
332 creatures vanquished.

Vanquished Creatures (others)
  9 fungi
  22 plants
31 creatures vanquished.

Grand Total: 363 creatures vanquished

Notes
Turn   | Place    | Note
-------+----------+-------------------------------------------
     0 | D:1      | jjjjhere the Troll Berserker began the quest for the Orb.
     0 | D:1      | Reached XP level 1. HP: 22/22 MP: 0/0
   214 | D:1      | Reached XP level 2. HP: 29/29 MP: 1/1
   600 | D:1      | Reached ** piety under Trog
   833 | D:2      | Reached XP level 3. HP: 32/36 MP: 2/2
   900 | D:2      | Reached skill level 4 in Unarmed Combat
  1282 | D:3      | Reached XP level 4. HP: 33/45 MP: 3/3
  1464 | D:3      | Noticed Ijyb
  1465 | D:3      | HP: 11/45 [Ijyb/bolt of acid (34)]
  1472 | D:3      | Killed Ijyb
  1566 | D:3      | Noticed Jessica
  1571 | D:3      | Killed Jessica
  1572 | D:3      | Reached skill level 5 in Unarmed Combat
  1572 | D:3      | Reached XP level 5. HP: 52/53 MP: 4/4
  1666 | D:3      | Found a glowing drain.
  1673 | Sewer    | Entered a sewer
  1688 | Sewer    | Reached *** piety under Trog
  1703 | Sewer    | Noticed Pargi
  1713 | Sewer    | Killed Pargi
  1714 | Sewer    | Reached XP level 6. HP: 62/62 MP: 5/5
  1816 | D:3      | Reached skill level 6 in Unarmed Combat
  2039 | D:3      | Found a faded altar of an unknown god.
  2288 | D:4      | Found a staircase to the Ecumenical Temple.
  2464 | D:4      | Noticed Edmund
  2478 | D:4      | Killed Edmund
  2558 | D:4      | Reached XP level 7. HP: 45/70 MP: 6/6
  2963 | D:5      | Entered Level 5 of the Dungeon
  2994 | D:5      | Reached skill level 7 in Unarmed Combat
  3479 | D:5      | Reached skill level 8 in Unarmed Combat
  3513 | D:5      | Reached skill level 5 in Fighting
  3710 | D:5      | Found a runed translucent door.
  3711 | D:5      | Noticed Crazy Yiuf
  3855 | D:6      | Noticed Blork the orc
  3861 | D:6      | Killed Blork the orc
  3862 | D:6      | Reached XP level 8. HP: 76/80 MP: 7/7
  3928 | D:6      | Reached skill level 1 in Throwing
  4229 | D:6      | Reached skill level 9 in Unarmed Combat
  4261 | D:6      | Reached **** piety under Trog
  4435 | D:6      | Found a basalt altar of Yredelemnul.
  4877 | D:7      | Killed an unseen horror
  4878 | D:7      | Reached XP level 9. HP: 78/89 MP: 8/8
  4951 | D:7      | Reached skill level 10 in Unarmed Combat
  5122 | D:7      | Noticed Duvessa
  5122 | D:7      | Noticed Dowan
  5141 | D:7      | Killed Duvessa
  5146 | D:7      | Killed Dowan
  5273 | D:7      | Found a sand-covered staircase.
  5279 | Ossuary  | Entered an ossuary
  5680 | D:8      | Reached ***** piety under Trog
  5773 | D:8      | Found Bomoapos's Book Shoppe.
  5811 | D:8      | Noticed a two-headed ogre
  5817 | D:8      | Killed a two-headed ogre
  5818 | D:8      | Reached skill level 11 in Unarmed Combat
  5948 | D:8      | Found a sacrificial altar of Ru.
  6044 | D:8      | Reached XP level 10. HP: 93/100 MP: 9/9
  6086 | D:8      | Reached skill level 5 in Throwing
  6563 | D:9      | Found a staircase to the Lair.
  6577 | D:9      | Noticed Joseph
  6594 | D:9      | Killed Joseph
  6643 | D:9      | Found an iron altar of Okawaru.
  6687 | D:9      | Found a white marble altar of Elyvilon.
  6687 | D:9      | Found an opulent altar of Gozag.
  6694 | D:9      | Found a faded altar of an unknown god.
  6696 | D:9      | Found a faded altar of an unknown god.
  6698 | D:9      | Found an ancient bone altar of Kikubaaqudgha.
  6803 | D:9      | Found a staircase to the Orcish Mines.
  7016 | D:9      | Received a gift from Trog
  7097 | D:9      | Reached skill level 12 in Unarmed Combat
  7228 | Lair:1   | Entered Level 1 of the Lair of Beasts
  7307 | Lair:1   | Noticed a cane toad
  7326 | Lair:1   | Killed a cane toad
  7437 | Lair:1   | Noticed a cane toad
  7443 | Lair:1   | Killed a cane toad
  7844 | Lair:1   | Reached XP level 11. HP: 57/111 MP: 10/10
  8214 | Lair:2   | Reached skill level 13 in Unarmed Combat
  8292 | Lair:2   | Found a runed translucent door.
  8292 | Lair:2   | Noticed jjjjhere's ghost (journeyman KoBr)
  8326 | Lair:2   | Killed jjjjhere's ghost
  9566 | Lair:3   | Found a staircase to the Swamp.
  9579 | Lair:3   | HP: 36/115 [tyrant leech (27)]
  9584 | Lair:3   | HP: 38/172 [tyrant leech (26)]
  9847 | Lair:3   | Found an ornate altar of the Wu Jian Council.
 10044 | Lair:3   | Reached XP level 12. HP: 55/124 MP: 11/11
 10904 | Lair:4   | Found a hole to the Spider Nest.
 10974 | Lair:4   | Reached skill level 5 in Dodging
 11105 | Lair:4   | Noticed a six-headed hydra
 11113 | Lair:4   | Killed a six-headed hydra
 11114 | Lair:4   | Reached skill level 10 in Fighting
 11206 | Lair:4   | Identified the +2 rapier of Fistiub {vorpal, rElec rPois}
                  | (Trog gifted it to you on level 4 of the Lair of Beasts)
 11206 | Lair:4   | Received a gift from Trog
 11206 | Lair:4   | Noticed an ice dragon
 11222 | Lair:4   | Killed an ice dragon
 11414 | Lair:5   | Found a shimmering blue altar of Sif Muna.
 11595 | Lair:5   | Found a viscous altar of Jiyva.
 11596 | Lair:5   | Found a staircase to the Slime Pits.
 11853 | Lair:6   | Entered Level 6 of the Lair of Beasts
 11889 | Lair:6   | Noticed Kirke
 11989 | Lair:5   | HP: 62/190 [poisoned by a black mamba]
 11994 | Lair:5   | HP: 31/127 [poisoned by a black mamba]
 11999 | Lair:5   | HP: 35/127 [poisoned by a black mamba]
 12069 | Lair:6   | Identified the ring of Xiafach {EV+4 Dex+5}
 12086 | Lair:6   | Reached skill level 10 in Throwing
 12511 | Lair:5   | Reached XP level 13. HP: 132/135 MP: 12/12
 12519 | Lair:5   | Killed Kirke
 12613 | Lair:6   | HP: 59/204 [swamp worm (17)]
 12614 | Lair:6   | HP: 25/204 [swamp worm (17)]
 12616 | Lair:6   | HP: 8/204 [swamp worm (20)]
 12616 | Lair:6   | Mangled by a tyrant leech

Illustrated notes

Levels and vault maps discovered:
D:1:      scummos_arrival_simple_crosswalls, layout_basic
D:2:      layout_rooms, lemuel_another_geyser
D:3:      layout_basic, ebering_ecumenical_altar_sacrificial,
          lightli_sewer_entry_pipes, uniq_jessica, uniq_ijyb
D:4:      layout_loops_cross, minmay_temple_entry_offerings, uniq_edmund
D:5:      layout_loops_ring, corner_web_ring, uniq_crazy_yiuf_cottage
D:6:      layout_loops_cross, lemuel_zombie_altar_yredelemnul,
          uniq_blork_the_orc
D:7:      layout_loops_corners, enter_ossuary_1, kennysheep_nondescript,
          uniq_duvessa
D:8:      layout_gridville, mainiacjoe_overflow_concentric_impassable,
          serial_shops, shop_statue
D:9:      layout_roguey, chequers_temple_overflow_minitemple,
          mainiacjoe_overflow_boulevard, lair_entry_dummy, orc_0_dummy,
          uniq_joseph
Lair:1:   layout_regular_city, lemuel_fruit_tree
Lair:2:   layout_small_grid, hellmonk_ghost_happy_afterlife,
          chequers_serial_rivers_small_b, grunt_forest_small_clearing_treed,
          serial_bayou_shore_a
Lair:3:   layout_cave_pods, minmay_swamp_entry_worms, basic_altar,
          nicolae_quartered_pool_impasse
Lair:4:   layout_cave_pods, spider_nest_entry_web_field, bobbens_ice_dragon_lair
Lair:5:   layout_concentric_octagons, slime_altar_1, basic_altar
Lair:6:   evil_forest, layout_big_grid, worms_lemuel, uniq_kirke

Skill      XL: |  1  2  3  4  5  6  7  8  9 10 11 12 13 |
---------------+----------------------------------------+-----
Unarmed Combat | 4 5 6 8 9 11 12 13 | 13.2
Fighting       | 3 4 5 6 8 9 10 | 10.9
Throwing       | 3 4 6 8 10 | 10.4
Dodging        | 4 6 7 |  7.0

Action                   |  1- 3 |  4- 6 |  7- 9 | 10-12 | 13-15 || total
-------------------------+-------+-------+-------+-------+-------++-------
Melee: Unarmed           |    94 |   126 |   252 |   526 |    27 ||  1025
       Punch             |     1 |     6 |    10 |    30 |     6 ||    53
Throw: Javelin           |     1 |     4 |       |       |       ||     5
       Boomerang         |       |       |       |    83 |       ||    83
Invok: Berserk           |     1 |     3 |     1 |     5 |     1 ||    11
       Trog's Hand       |       |       |       |     3 |     2 ||     5
  Use: Potion            |       |     1 |       |       |       ||     1
       Scroll            |       |       |    15 |     7 |       ||    22
 Stab: Distracted        |       |       |     1 |       |       ||     1
Armor: Animal skin       |    30 |    16 |       |       |       ||    46
       Troll leather arm |       |    15 |    68 |   130 |     2 ||   215
Dodge: Dodged            |    47 |    70 |   132 |   313 |    32 ||   594
